MID
ATLANTA (MID) BRAVES @ BINGHAMTON METS
07/25/2049
 
TOP OF THE 1ST
Atlanta (MID) Braves batting - Pitching for Binghamton Mets : LHP David Salcido
Pitching: LHP David Salcido
Batting: LHB Eric Jackson 0-0: Swinging Strike
0-1: Foul Ball, location: 2F
0-2: Ball
1-2: Strikes out swinging
Batting: LHB Ricardo Sandoval 0-0: Foul Ball, location: 2F
0-1: Ball
1-1: Ball
2-1: Ball
3-1: Base on Balls
Batting: LHB Tamaichi Sasada 0-0: Called Strike
Ricardo Sandoval steals 2nd base
0-1: Called Strike
0-2: Ball
1-2: Ball
2-2: Ground out 1-3 (Groundball, 15S, EV 65.6 MPH)
Batting: RHB Josh McCormick 0-0: Ball
1-0: Called Strike
1-1: Ball
2-1: Swinging Strike
2-2: Ball
3-2: Base on Balls
Batting: SHB Brett McEwen 0-0: Foul Ball, location: 2F
0-1: Ground out 4-3 (Groundball, 4, EV 93.8 MPH)
Top of the 1st over - 0 runs, 0 hits, 0 errors, 2 left on base; Atlanta (MID) 0 - Binghamton 0
BOTTOM OF THE 1ST
Binghamton Mets batting - Pitching for Atlanta (MID) Braves : RHP Matt Buxton
Pitching: RHP Matt Buxton
Batting: RHB Michael Youngberry 0-0: Ball
1-0: Reached on error, E6 (Groundball, 6, EV 110.6 MPH)
Batting: SHB Tyler Maddux 0-0: Foul Ball, location: 2F
0-1: Ball
1-1: Ball
2-1: Called Strike
2-2: Foul Ball, location: 2F
2-2: Foul Ball, location: 2F
2-2: Ball
3-2: 2-RUN HOME RUN (Flyball, 89XD, EV 106.2 MPH), Distance : 400 ft
Batting: RHB Oscar Bravo 0-0: Ball
1-0: Ball
2-0: Called Strike
2-1: SINGLE (Line Drive, 9S, EV 106.9 MPH)
Batting: RHB Enrique Aguirre 0-0: Ball
Oscar Bravo is caught stealing 2nd base 2-4
1-0: Ground out 6-3 (Groundball, 6, EV 79.4 MPH)
Batting: SHB Nick Daigle 0-0: Ball
1-0: Swinging Strike
1-1: Swinging Strike
1-2: Ball
2-2: Strikes out swinging
Bottom of the 1st over - 2 runs, 2 hits, 1 error, 0 left on base; Atlanta (MID) 0 - Binghamton 2
TOP OF THE 2ND
Atlanta (MID) Braves batting - Pitching for Binghamton Mets : LHP David Salcido
Batting: RHB Nick Holsinger 0-0: Called Strike
0-1: Ball
1-1: Ball
2-1: Ball
3-1: Fly out, F8 (Flyball, 8RD, EV 91.2 MPH)
Batting: RHB Alex Campos 0-0: Ball
1-0: Ball
2-0: Ground out 6-3 (Groundball, 6, EV 76.2 MPH)
Batting: RHB Adonis Jenifer 0-0: Ground out 4-3 (Groundball, 34D, EV 102.5 MPH)
Top of the 2nd over - 0 runs, 0 hits, 0 errors, 0 left on base; Atlanta (MID) 0 - Binghamton 2
BOTTOM OF THE 2ND
Binghamton Mets batting - Pitching for Atlanta (MID) Braves : RHP Matt Buxton
Batting: RHB Sam Callahan 0-0: Ball
1-0: Ball
2-0: Ball
3-0: Base on Balls
Batting: SHB Keith Casner 0-0: Called Strike
0-1: Ball
1-1: DOUBLE (Line Drive, 9LM, EV 106.9 MPH)
Sam Callahan to third
Batting: RHB Reginald McDougall 0-0: Called Strike
0-1: Ground out 4-3 (Groundball, 4, EV 82.5 MPH)
Sam Callahan scores
Keith Casner to third
Batting: RHB Roberto Delgado 0-0: Ball
1-0: Fly out, F9 (Line Drive, 9S, EV 103.8 MPH)
Lined into DP, 9-5 (Line Drive, 9S, EV 103.8 MPH)
Bottom of the 2nd over - 1 run, 1 hit, 0 errors, 0 left on base; Atlanta (MID) 0 - Binghamton 3
TOP OF THE 3RD
Atlanta (MID) Braves batting - Pitching for Binghamton Mets : LHP David Salcido
Batting: RHB Gabe Allen 0-0: Called Strike
0-1: Ball
1-1: Called Strike
1-2: Strikes out looking
Batting: LHB Eric Jackson 0-0: Ball
1-0: Foul Ball, location: 2F
1-1: Ball
2-1: Swinging Strike
2-2: Foul Ball, location: 2F
2-2: Foul Ball, location: 2F
2-2: Fly out, F8 (Flyball, 8LD, EV 87.5 MPH)
Batting: LHB Ricardo Sandoval 0-0: Ball
1-0: Swinging Strike
1-1: Swinging Strike
1-2: Strikes out swinging
Top of the 3rd over - 0 runs, 0 hits, 0 errors, 0 left on base; Atlanta (MID) 0 - Binghamton 3
BOTTOM OF THE 3RD
Binghamton Mets batting - Pitching for Atlanta (MID) Braves : RHP Matt Buxton
Batting: RHB Michael Youngberry 0-0: Ball
1-0: Ball
2-0: Ball
3-0: Base on Balls
Batting: SHB Tyler Maddux 0-0: Swinging Strike
0-1: Ball
Michael Youngberry steals 2nd, throwing error, E2
Michael Youngberry to third
1-1: Foul Ball, location: 2F
1-2: Ball
2-2: Ground out 4-3 (Groundball, 34, EV 104.4 MPH)
Michael Youngberry scores
Batting: RHB Oscar Bravo 0-0: Ball
1-0: Swinging Strike
1-1: Called Strike
1-2: Foul Ball, location: 2F
1-2: Foul Ball, location: 2F
1-2: Ball
2-2: Foul Ball, location: 2F
2-2: Ground out 6-3 (Groundball, 6, EV 80.6 MPH)
Batting: RHB Enrique Aguirre 0-0: Ball
1-0: Ball
2-0: Called Strike
2-1: Swinging Strike
2-2: Ball
3-2: Ground out U3 (Groundball, 3S, EV 61.9 MPH)
Bottom of the 3rd over - 1 run, 0 hits, 1 error, 0 left on base; Atlanta (MID) 0 - Binghamton 4
TOP OF THE 4TH
Atlanta (MID) Braves batting - Pitching for Binghamton Mets : LHP David Salcido
Batting: LHB Tamaichi Sasada 0-0: Called Strike
0-1: Foul Ball, location: 2F
0-2: Strikes out swinging
Batting: RHB Josh McCormick 0-0: Ball
1-0: Ground out 4-3 (Groundball, 4, EV 103.8 MPH)
Batting: SHB Brett McEwen 0-0: Ground out 6-3 (Groundball, 6, EV 91.9 MPH)
Top of the 4th over - 0 runs, 0 hits, 0 errors, 0 left on base; Atlanta (MID) 0 - Binghamton 4
BOTTOM OF THE 4TH
Binghamton Mets batting - Pitching for Atlanta (MID) Braves : RHP Matt Buxton
Batting: SHB Nick Daigle 0-0: Swinging Strike
0-1: Ball
1-1: Foul Ball, location: 2F
1-2: Foul Ball, location: 2F
1-2: Strikes out looking
Batting: RHB Sam Callahan 0-0: Ball
1-0: Ball
2-0: Ball
3-0: Called Strike
3-1: Called Strike
3-2: Foul Ball, location: 2F
3-2: Foul Ball, location: 2F
3-2: Ground out 6-3 (Groundball, 6, EV 86.9 MPH)
Batting: SHB Keith Casner 0-0: Foul Ball, location: 2F
0-1: Fly out, F7 (Flyball, 78D, EV 75.6 MPH)
Bottom of the 4th over - 0 runs, 0 hits, 0 errors, 0 left on base; Atlanta (MID) 0 - Binghamton 4
TOP OF THE 5TH
Atlanta (MID) Braves batting - Pitching for Binghamton Mets : LHP David Salcido
Batting: RHB Nick Holsinger 0-0: Ball
1-0: Foul Ball, location: 2F
1-1: Foul Ball, location: 2F
1-2: Foul Ball, location: 2F
1-2: Ball
2-2: Ball
3-2: Foul Ball, location: 2F
3-2: Base on Balls
Batting: RHB Alex Campos 0-0: Called Strike
0-1: Foul Ball, location: 2F
0-2: Ball
Wild Pitch!
Nick Holsinger to second
1-2: Ball
2-2: Ball
3-2: Foul Ball, location: 2F
3-2: Foul Ball, location: 2F
3-2: Foul Ball, location: 2F
3-2: Strikes out swinging
Batting: RHB Adonis Jenifer 0-0: Ball
Wild Pitch!
Nick Holsinger to third
1-0: Swinging Strike
1-1: Ball
2-1: Ball
3-1: Fly out, F6 (Popup, 6MS, EV 68.8 MPH)
Batting: RHB Gabe Allen 0-0: Foul Ball, location: 2F
0-1: Ball
1-1: Foul Ball, location: 2F
1-2: Foul Ball, location: 2F
1-2: Strikes out looking
Top of the 5th over - 0 runs, 0 hits, 0 errors, 1 left on base; Atlanta (MID) 0 - Binghamton 4
BOTTOM OF THE 5TH
Binghamton Mets batting - Pitching for Atlanta (MID) Braves : RHP Matt Buxton
Batting: RHB Reginald McDougall 0-0: Ball
1-0: Ball
2-0: Fly out, F6 (Popup, P, EV 85.6 MPH)
Batting: RHB Roberto Delgado 0-0: Ball
1-0: Ball
2-0: Ball
3-0: Base on Balls
Batting: RHB Michael Youngberry 0-0: Ball
1-0: Called Strike
1-1: SINGLE (Groundball, 6MD, EV 95.0 MPH)
Roberto Delgado to second
Batting: SHB Tyler Maddux 0-0: Swinging Strike
0-1: SINGLE (Line Drive, 34, EV 101.9 MPH)
Roberto Delgado to third
Michael Youngberry to second
Batting: RHB Oscar Bravo 0-0: Ball
1-0: Fielders Choice at 2nd, 4-6 (Groundball, 4, EV 90.6 MPH)
Roberto Delgado scores
Michael Youngberry to third
Pitching: RHP Andrew Hodges
Batting: RHB Enrique Aguirre 0-0: Ball
1-0: Foul Ball, location: 2F
1-1: Ball
2-1: Swinging Strike
2-2: DOUBLE (Line Drive, 7LS, EV 108.1 MPH)
Michael Youngberry scores
Oscar Bravo to third
Runner from 3rd tries for Home, SAFE, throw by LF to trailing runner, SAFE at third!
Pitching: RHP Dan Spahn
Batting: SHB Nick Daigle 0-0: Called Strike
0-1: Called Strike
0-2: Strikes out swinging
Bottom of the 5th over - 3 runs, 3 hits, 0 errors, 1 left on base; Atlanta (MID) 0 - Binghamton 7
TOP OF THE 6TH
Atlanta (MID) Braves batting - Pitching for Binghamton Mets : LHP David Salcido
Batting: LHB Eric Jackson 0-0: Ball
1-0: Ball
2-0: Ball
3-0: Called Strike
3-1: Foul Ball, location: 2F
3-2: Strikes out swinging
Batting: LHB Ricardo Sandoval 0-0: Called Strike
0-1: Ball
1-1: Foul Ball, location: 2F
1-2: Ball
2-2: Ball
3-2: Ground out 6-3 (Groundball, 6D, EV 96.9 MPH)
Batting: LHB Tamaichi Sasada 0-0: Called Strike
0-1: Ball
1-1: Ball
2-1: Foul Ball, location: 2F
2-2: Strikes out swinging
Top of the 6th over - 0 runs, 0 hits, 0 errors, 0 left on base; Atlanta (MID) 0 - Binghamton 7
BOTTOM OF THE 6TH
Binghamton Mets batting - Pitching for Atlanta (MID) Braves : RHP Dan Spahn
Batting: RHB Sam Callahan 0-0: Swinging Strike
0-1: Ball
1-1: Swinging Strike
1-2: Ball
2-2: Foul Ball, location: 2F
2-2: Ball
3-2: Strikes out looking
Batting: SHB Keith Casner 0-0: Ball
1-0: Ball
2-0: Called Strike
2-1: SINGLE (Groundball, 4, EV 113.1 MPH)
Batting: RHB Reginald McDougall 0-0: Swinging Strike
0-1: Grounds into double play, 4-6-3 (Groundball, 4M, EV 83.8 MPH)
Bottom of the 6th over - 0 runs, 1 hit, 0 errors, 0 left on base; Atlanta (MID) 0 - Binghamton 7
TOP OF THE 7TH
Atlanta (MID) Braves batting - Pitching for Binghamton Mets : LHP David Salcido
Batting: RHB Josh McCormick 0-0: Foul Ball, location: 2F
0-1: Ground out 5-3 (Groundball, 56, EV 102.5 MPH)
Batting: SHB Brett McEwen 0-0: Ball
1-0: Ball
2-0: Ball
3-0: Called Strike
3-1: Swinging Strike
3-2: Foul Ball, location: 2F
3-2: SINGLE (Groundball, 6MD, EV 106.2 MPH)
Pitching: RHP Rome Corona
Batting: RHB Nick Holsinger 0-0: SINGLE (Groundball, 4MD, EV 111.2 MPH)
Brett McEwen to second
Batting: RHB Alex Campos 0-0: Called Strike
0-1: Foul Ball, location: 2F
0-2: Ball
1-2: Ball
2-2: SINGLE (Groundball, 56D, EV 104.4 MPH)
Brett McEwen to third
Nick Holsinger to second
Runner from 3rd tries for Home, SAFE, throw by LF to home
Batting: RHB Adonis Jenifer 0-0: Ball
1-0: Ball
2-0: Fielders Choice at 2nd, 3-6 (Groundball, 3, EV 86.9 MPH)
Nick Holsinger to third
Pinch Hitting: RHB Terry Hughes 0-0: Called Strike
0-1: Foul Ball, location: 2F
0-2: Strikes out swinging
Top of the 7th over - 1 run, 3 hits, 0 errors, 2 left on base; Atlanta (MID) 1 - Binghamton 7
BOTTOM OF THE 7TH
Binghamton Mets batting - Pitching for Atlanta (MID) Braves : RHP Dan Spahn
Now at SS: Chris Trites
Batting: RHB Roberto Delgado 0-0: Called Strike
0-1: Fly out, F9 (Flyball, 9S, EV 85.0 MPH)
Batting: RHB Michael Youngberry 0-0: Foul Ball, location: 2F
0-1: Swinging Strike
0-2: Ball
1-2: Ball
2-2: Ball
3-2: Foul Ball, location: 2F
3-2: Strikes out swinging
Batting: SHB Tyler Maddux 0-0: Ball
1-0: Ball
2-0: Called Strike
2-1: Ball
3-1: Called Strike
3-2: Ground out 4-3 (Groundball, 4, EV 90.6 MPH)
Bottom of the 7th over - 0 runs, 0 hits, 0 errors, 0 left on base; Atlanta (MID) 1 - Binghamton 7
TOP OF THE 8TH
Atlanta (MID) Braves batting - Pitching for Binghamton Mets : RHP Rome Corona
Batting: LHB Eric Jackson 0-0: Ball
1-0: Foul Ball, location: 2F
1-1: Ball
2-1: Ball
3-1: Foul Ball, location: 2F
3-2: Foul Ball, location: 2F
3-2: Foul Ball, location: 2F
3-2: DOUBLE (Flyball, 78XD, EV 116.2 MPH)
Batting: LHB Ricardo Sandoval 0-0: Foul Ball, location: 2F
0-1: Foul Ball, location: 2F
0-2: Foul Ball, location: 2F
0-2: Ball
1-2: Strikes out swinging
Batting: LHB Tamaichi Sasada 0-0: Swinging Strike
0-1: Ground out 4-3 (Groundball, 4, EV 86.2 MPH)
Eric Jackson to third
Batting: RHB Josh McCormick 0-0: Swinging Strike
0-1: Foul Ball, location: 2F
0-2: Foul Ball, location: 2F
0-2: Strikes out swinging
Top of the 8th over - 0 runs, 1 hit, 0 errors, 1 left on base; Atlanta (MID) 1 - Binghamton 7
BOTTOM OF THE 8TH
Binghamton Mets batting - Pitching for Atlanta (MID) Braves : RHP Dan Spahn
Batting: RHB Oscar Bravo 0-0: Called Strike
0-1: Ball
1-1: Ball
2-1: Ball
3-1: Called Strike
3-2: Foul Ball, location: 2F
3-2: Foul Ball, location: 2F
3-2: Foul Ball, location: 2F
3-2: Base on Balls
Pitching: RHP Jeremy Armstrong
Batting: RHB Enrique Aguirre 0-0: Ball
1-0: Ball
2-0: Called Strike
2-1: Ball
3-1: Foul Ball, location: 2F
3-2: Base on Balls
Oscar Bravo to second
Batting: SHB Nick Daigle 0-0: Ball
1-0: Foul Ball, location: 2F
1-1: SINGLE (Line Drive, 8RS, EV 88.1 MPH)
Oscar Bravo to third
Enrique Aguirre to second
Runner from 3rd tries for Home, SAFE, throw by CF to home
Batting: LHB Jeremy Moorehead 0-0: Ball
Passed Ball!
Enrique Aguirre to third
Nick Daigle to second
1-0: Foul Ball, location: 2F
1-1: Foul Ball, location: 2F
1-2: Ground out 4-3 (Groundball, 4S, EV 64.4 MPH)
Enrique Aguirre scores
Nick Daigle to third
Batting: SHB Keith Casner 0-0: Ball
1-0: Ball
2-0: Foul Ball, location: 2F
2-1: Ball
3-1: Base on Balls
Batting: RHB Reginald McDougall 0-0: Ball
1-0: Called Strike
1-1: SINGLE (Groundball, 6M, EV 80.6 MPH) (infield hit)
Nick Daigle scores
Keith Casner to second
Batting: RHB Roberto Delgado 0-0: Swinging Strike
0-1: Ball
1-1: Swinging Strike
1-2: Strikes out swinging
Batting: RHB Michael Youngberry 0-0: Ball
1-0: Called Strike
1-1: Foul Ball, location: 2F
1-2: Strikes out looking
Bottom of the 8th over - 3 runs, 2 hits, 0 errors, 2 left on base; Atlanta (MID) 1 - Binghamton 10
TOP OF THE 9TH
Atlanta (MID) Braves batting - Pitching for Binghamton Mets : RHP Rome Corona
Batting: SHB Brett McEwen 0-0: Called Strike
0-1: Called Strike
0-2: Foul Ball, location: 2F
0-2: Ball
1-2: Foul Ball, location: 2F
1-2: Ball
2-2: Foul Ball, location: 2F
2-2: Foul Ball, location: 2F
2-2: Fly out, F7 (Flyball, 78D, EV 93.1 MPH)
Pinch Hitting: RHB George Provance 0-0: Ball
1-0: Ball
2-0: Ground out 5-3 (Groundball, 25, EV 86.2 MPH)
Batting: RHB Alex Campos 0-0: Foul Ball, location: 2F
0-1: Ground out 4-3 (Groundball, 4, EV 80.0 MPH)
Top of the 9th over - 0 runs, 0 hits, 0 errors, 0 left on base; Atlanta (MID) 1 - Binghamton 10
Sunday, July 16th , 2023 - OOTP Baseball 24.6 Build 69